 Dungeon Crawl Stone Soup version 0.24-a0-486-ged8816983f (webtiles) character file.

Game seed: 1627380052414139695

22 gruber the Slasher (level 2, -5/16 HPs)
             Began as a Vine Stalker Fighter on July 9, 2019.
             Killed by divine providence
             ... invoked by an orc priest
              (7 damage)
             ... on level 2 of the Dungeon.
             The game lasted 00:00:39 (949 turns).

gruber the Slasher (Vine Stalker Fighter)            Turns: 949, Time: 00:00:40

Health: -5/16      AC:  6    Str: 18    XL:     2   Next: 91%
Magic:  0/3        EV:  7    Int:  8    God:
Gold:   49         SH:  9    Dex: 13    Spells: 1/1 levels left

rFire    . . .     SeeInvis .   l - +2 dagger (venom)
rCold    . . .     Gourm    .   c - +0 shield
rNeg     . . .     Faith    .   b - +0 scale mail
rPois    .         Spirit   +   (no helmet)
rElec    .         Reflect  .   (no cloak)
rCorr    .         Harm     .   (no gloves)
MR       .....                  (no boots)
Stlth    ..........             (no amulet)
HPRegen  0.05/turn              (no ring)
MPRegen  0.08/turn              (no ring)

@: no status effects
A: fangs 2, magic shield, antimagic bite, no potion heal 3, rot immunity
a: no special abilities


You were on level 2 of the Dungeon.
You were not hungry.

You visited 1 branch of the dungeon, and saw 2 of its levels.

You collected 49 gold pieces.

Inventory:

Hand Weapons
 a - a +0 long sword
 l - a +2 dagger of venom (weapon)
Armour
 b - a +0 scale mail (worn)
 c - a +0 shield (worn)
Jewellery
 h - an uncursed ring of protection from fire {unknown}
 n - a +5 amulet of reflection {unknown}
Wands
 q - a wand of disintegration (9)
Scrolls
 g - 5 scrolls of identify {unknown}
 i - 3 scrolls of blinking {unknown}
 j - a scroll of random uselessness {unknown}
 o - a scroll of immolation {unknown}
 p - a scroll of fog {unknown}
Potions
 d - a potion of might
 e - a potion of curing {unknown}
 k - a potion of brilliance {unknown}
 m - a potion of flight {unknown}
Comestibles
 f - 3 rations


   Skills:
 - Level 2.6 Fighting
 + Level 3.0 Long Blades
 - Level 2.4 Armour
 - Level 2.6 Shields


You had one spell level left.
You didn't know any spells.
Your spell library was empty.

Dungeon Overview and Level Annotations

Branches:
Dungeon (2/15)

Altars:


Innate Abilities, Weirdness & Mutations

You have extremely sharp teeth.
When hurt, damage is shared between your health and your magic reserves.
Your bite disrupts and absorbs the magic of your enemies.
Potions cannot restore your health.
You are immune to rotting.


Message History

You hit the orc priest. You bite the orc priest. You drain its power.
The orc priest is moderately wounded.
The orc priest calls down the wrath of Beogh upon you.
Beogh smites you!
Ouch! That really hurt!
* * * LOW HITPOINT WARNING * * *
A goblin comes into view.
The orc hits you but does no damage.
Unknown command.
You hit the orc priest.
The orc priest is poisoned.
You bite the orc priest. You drain its power.
You feel invigorated.
The orc priest is heavily wounded.
The orc priest hits you but does no damage.
A quokka comes into view.
You hit the orc priest.
The orc priest is almost dead.
You block the orc's attack.
The orc priest invokes the aid of Beogh against you.
Beogh smites you!
You die...

#####.##
#####....#####. #.#
###...)##### #.#
#......... #.#
####...... #.#
##....†. #.#
##.>.....
###########..######
#...........##
#.@##########
##.o.# ###o# g.#
.r. .... #... ...


You could see an orc priest, an orc, a quokka and a goblin.

Vanquished Creatures
  An ooze (D:1)
  A goblin (D:1)
  A hobgoblin (D:1)
  4 jackals (D:2)
  A quokka (D:2)
  3 bats
  3 kobolds
  4 rats
18 creatures vanquished.

Notes
Turn   | Place    | Note
-------+----------+-------------------------------------------
     0 | D:1      | gruber the Vine Stalker Fighter began the quest for the
                  | Orb.
     0 | D:1      | Reached XP level 1. HP: 11/11 MP: 2/2
   206 | D:1      | Reached skill level 2 in Long Blades
   567 | D:1      | Reached XP level 2. HP: 16/16 MP: 3/3
   929 | D:2      | Reached skill level 3 in Long Blades
   949 | D:2      | Killed from afar by an orc priest

Levels and vault maps discovered:
D:1:      minmay_arrival_loop, layout_basic
D:2:      layout_rooms, first_ration, kennysheep_generic_room_9, uniq_terence

Skill      XL: |  1  2 |
---------------+-------+-----
Long Blades    | 2 3 |  3.0
Fighting       | |  2.6
Armour         | |  2.4
Shields        | |  2.6

Action                   || total
-------------------------++-------
Melee: Long sword        ||    35
       Bite              ||    18
       Dagger            ||    23
Armor: Scale mail        ||    24
Dodge: Dodged            ||    17
Block: Shield            ||    26
       Rpst.: Long sword ||     2

Table legend:
 A = Non-vault XP
 B = Vault XP
 C = Vault XP percentage of total XP
 D = Non-vault monster count
 E = Vault monster count
 F = Vault count percentage of total count
                 A         B        C        D         E       F
            +---------+---------+-------+---------+---------+-------
      Total |      32 |       0 |   0.0 |      18 |       0 |   0.0
            +---------+---------+-------+---------+---------+-------
        D:1 |      17 |       0 |   0.0 |       9 |       0 |   0.0
        D:2 |      15 |       0 |   0.0 |       9 |       0 |   0.0
            +---------+---------+-------+---------+---------+-------
